Map: [ESL] Hecate

Players

Nice

  • Race: Protoss Protoss
  • Spawn Location: 7:00

SCV - Winner!

  • Race: Protoss Protoss
  • Spawn Location: 1:00

Event: ESL SC2 Masters 2023 Winter (Regional)

VOD

Have the link to the VOD?

Description

Time

  • Played on: Oct. 27, 2023, 9:02 a.m.
  • Length: 20:28

All games in this series

Show
View Real Time Build Order
Export as new Build Order

Nice Protoss 

Build Orders: Oracle Opening, Archon Immortal 

Get SALT Encoding   

  12  0:00  Probe  
  13  0:12  Probe  
  14  0:18  Pylon  
  14  0:24  Probe (Chrono Boost)  
  15  0:38  Probe (Chrono Boost)  
  15  0:41  Gateway  
  16  0:43  Probe (Chrono Boost)  
  16  0:46  Assimilator  
  17  0:51  Assimilator  
  17  0:54  Probe (Chrono Boost)  
  18  1:06  Probe (Chrono Boost)  
  18  1:08  Gateway  
  19  1:13  Probe (Chrono Boost)  
  20  1:20  Probe  
  21  1:27  Cybernetics Core  
  21  1:32  Probe  
  21  1:37  Pylon  
  22  1:45  Probe  
  23  1:57  Probe  
  24  2:04  Warp Gate, Adept x2  
  28  2:15  Pylon  
  28  2:16  Pylon  
  28  2:28  Stargate  
  28  2:34  Stalker  
  30  2:38  Stalker  
  32  3:00  Shield Battery  
  32  3:12  Oracle (Chrono Boost)  
  35  3:23  Shield Battery  
  35  3:36  Probe  
  35  3:39  Oracle (Chrono Boost)  
  35  3:40  Nexus  
  34  3:47  Pylon  
  34  3:48  Probe  
  38  4:00  Probe  
  39  4:11  Adept  
  39  4:12  Probe (Chrono Boost)  
  42  4:22  Shield Battery  
  43  4:24  Probe (Chrono Boost)  
  43  4:25  Sentry  
  43  4:27  Robotics Facility  
  43  4:30  Probe (Chrono Boost)  
  46  4:39  Probe  
  46  4:40  Pylon  
  47  4:52  Probe (Chrono Boost)  
  45  4:54  Sentry x2  
  45  4:56  Probe (Chrono Boost)  
  49  5:01  Probe (Chrono Boost)  
  49  5:05  Probe (Chrono Boost)  
  49  5:06  Probe (Chrono Boost)  
  52  5:15  Observer, Forge  
  52  5:18  Probe (Chrono Boost)  
  52  5:19  Probe (Chrono Boost)  
  52  5:21  Assimilator  
  55  5:22  Assimilator  
  55  5:25  Twilight Council  
  55  5:28  Probe (Chrono Boost)  
  57  5:30  Probe (Chrono Boost)  
  57  5:34  Probe  
  57  5:36  Immortal (Chrono Boost)  
  57  5:39  Probe  
  63  5:48  Pylon  
  63  5:51  Probe x2  
  63  5:54  Protoss Ground Weapons Level 1 (Chrono Boost)  
  65  6:03  Probe x2, Charge  
  67  6:10  Gateway  
  67  6:11  Gateway  
  67  6:12  Gateway  
  67  6:19  Immortal (Chrono Boost)  
  71  6:29  Gateway  
  71  6:38  Gateway  
  71  6:42  Pylon  
  71  6:48  Warp Prism (Chrono Boost)  
  71  6:50  Dark Shrine, Pylon  
  73  6:59  Templar Archives  
  73  7:02  Zealot x2  
  77  7:09  Gateway  
  77  7:15  Pylon  
  77  7:18  Immortal  
  81  7:31  Zealot x4  
  81  7:35  High Templar  
  81  7:36  High Templar  
  93  7:38  Pylon  
  93  7:40  Archon  
  93  7:51  Nexus  
  93  7:52  Protoss Ground Weapons Level 2 (Chrono Boost)  
  93  8:07  Dark Templar x2  
  97  8:21  Zealot x5  
  104  8:45  Zealot x2  
  104  8:46  Zealot  
  110  8:51  Pylon  
  110  8:52  Pylon  
  110  8:54  Pylon  
  108  8:57  Immortal (Chrono Boost)  
  110  9:04  High Templar x2  
  110  9:07  Probe x3  
  117  9:10  Archon  
  117  9:14  High Templar  
  117  9:15  High Templar, Zealot x2  
  125  9:18  Archon  
  125  9:19  Probe  
  125  9:22  Shield Battery  
  126  9:25  Zealot x2  
  130  9:43  High Templar  
  130  9:44  High Templar, Zealot x2  
  138  9:47  Archon  
  138  9:49  Zealot x4  
  140  10:08  High Templar x2  
  138  10:14  Archon  
  138  10:18  Zealot x2  
  138  10:19  Zealot x4  
  146  10:22  Immortal  
  136  10:40  Zealot x6  
  140  10:43  Zealot x2  
  141  10:50  Protoss Ground Weapons Level 3 (Chrono Boost)  
  129  11:01  Zealot x6  
  129  11:11  Immortal (Chrono Boost)  
  127  11:28  Blink (Chrono Boost)  
  121  11:35  Zealot x8  
  120  11:48  Immortal (Chrono Boost)  
  124  11:55  High Templar x2  
  124  11:56  Stalker x4  
  124  11:57  Stalker  
  124  11:58  Zealot  
  124  12:00  Archon  
  140  12:17  Pylon  
  140  12:19  Immortal (Chrono Boost), Stalker x2  
  142  12:32  Stalker x2  
  142  12:33  Stalker  
  144  12:38  Stalker  
  144  12:43  Warp Prism (Chrono Boost)  
  146  12:48  Stalker  
  146  12:49  Pylon  
  149  12:55  Pylon  
  149  13:09  High Templar x2  
  149  13:10  Zealot x2  
  157  13:14  Archon  
  157  13:19  Observer  
  158  13:22  Pylon  
  158  13:24  Nexus  
  149  13:35  Stalker x5  
  157  13:45  Stalker  
  157  13:46  Stalker  
  157  13:48  Pylon, Stalker  
  163  13:51  Pylon  
  140  14:10  Stalker x5  
  140  14:12  Zealot x2  
  152  14:23  Protoss Ground Armor Level 1 (Chrono Boost)  
  150  14:24  Photon Cannon  
  150  14:26  Shield Battery  
  150  14:27  Pylon  
  150  14:50  Stalker x2  
  150  14:51  Stalker x3  
  148  15:04  Stalker x3  
  144  15:16  Stalker  
  144  15:17  Stalker  
  144  15:21  Zealot x3  
  142  15:29  Observer (Chrono Boost)  
  142  15:32  Photon Cannon  
  142  15:34  Shield Battery  
  137  15:36  Zealot x3  
  133  15:50  Zealot x4  
  133  15:51  Observer  
  138  16:04  Stalker  
  138  16:05  Stalker x3  
  142  16:16  Zealot x2, Stalker x2  
  150  16:20  Assimilator  
  150  16:23  Assimilator  
  138  16:36  Zealot x4, Stalker x2  
  142  16:46  Zealot x2  
  140  17:01  Stalker x3, Pylon  
  140  17:04  Probe x4  
  150  17:14  Pylon  
  146  17:22  Observer (Chrono Boost)  
  141  17:27  Stalker x3  
  141  17:28  Zealot x5  
  149  17:49  Stalker x3  
  154  17:53  Zealot x4  
  154  17:55  Observer  
  153  18:09  Pylon  
  153  18:13  Observer, Stalker x2  
  157  18:31  Stalker x3  
  157  18:32  Stalker x2  
  155  18:45  Stalker x2  
  159  18:51  Photon Cannon  
  159  18:52  Photon Cannon  
  159  18:57  Pylon  
  133  19:07  Stalker x3  
  113  19:31  Zealot x4  
  113  19:34  Stalker x4  
  127  19:59  Stalker x6  
  109  20:13  Stalker x2  
Show
View Real Time Build Order
Export as new Build Order

SCV Protoss - Winner!

Build Orders: Phoenix Opening 

Get SALT Encoding   

  12  0:00  Probe  
  13  0:12  Probe  
  14  0:17  Pylon  
  14  0:24  Probe (Chrono Boost)  
  15  0:36  Gateway, Probe (Chrono Boost)  
  16  0:45  Probe (Chrono Boost)  
  16  0:46  Assimilator  
  17  0:51  Probe  
  18  1:03  Probe (Chrono Boost)  
  19  1:04  Assimilator  
  19  1:09  Gateway  
  19  1:15  Probe (Chrono Boost)  
  20  1:22  Probe (Chrono Boost)  
  20  1:24  Cybernetics Core  
  21  1:29  Probe  
  22  1:35  Pylon  
  22  1:41  Probe  
  23  1:53  Probe  
  24  2:02  Adept, Warp Gate, Stalker  
  24  2:07  Probe  
  29  2:12  Pylon  
  29  2:33  Stalker  
  29  2:36  Stalker  
  33  2:55  Nexus  
  33  2:58  Shield Battery  
  33  3:05  Shield Battery  
  33  3:15  Probe  
  33  3:16  Sentry  
  33  3:17  Sentry  
  38  3:24  Pylon  
  38  3:29  Probe  
  38  3:33  Robotics Facility  
  37  3:44  Shield Battery  
  37  3:50  Stalker x2  
  37  3:55  Phoenix  
  41  3:57  Shield Battery  
  41  3:58  Probe  
  42  4:07  Probe (Chrono Boost)  
  41  4:13  Stalker x2  
  41  4:15  Probe (Chrono Boost)  
  46  4:19  Probe (Chrono Boost)  
  46  4:23  Observer  
  49  4:25  Probe (Chrono Boost)  
  49  4:26  Probe (Chrono Boost)  
  49  4:30  Probe (Chrono Boost)  
  50  4:34  Probe  
  50  4:38  Stalker  
  54  4:41  Probe  
  54  4:42  Shield Battery  
  54  4:46  Probe  
  53  4:56  Probe (Chrono Boost)  
  53  4:58  Probe (Chrono Boost)  
  55  5:05  Twilight Council, Phoenix  
  57  5:08  Probe (Chrono Boost)  
  57  5:09  Probe (Chrono Boost)  
  57  5:15  Pylon  
  57  5:17  Probe (Chrono Boost)  
  57  5:18  Probe (Chrono Boost)  
  57  5:19  Assimilator  
  59  5:23  Shield Battery, Probe (Chrono Boost)  
  59  5:25  Probe (Chrono Boost)  
  59  5:27  Phoenix x2  
  61  5:32  Probe  
  61  5:33  Immortal  
  66  5:36  Probe  
  66  5:37  Pylon  
  66  5:41  Blink (Chrono Boost)  
  67  5:44  Probe  
  67  5:48  Probe  
  69  5:58  Gateway x2  
  69  6:08  Stalker x2  
  69  6:11  Pylon  
  73  6:16  Probe x2  
  75  6:24  Pylon  
  75  6:31  Probe x2  
  77  6:35  Immortal (Chrono Boost)  
  81  6:41  Stalker x2  
  81  6:42  Pylon  
  81  6:45  Probe x2  
  87  6:47  Nexus  
  87  6:49  Pylon  
  87  6:57  Probe  
  87  6:59  Probe  
  89  7:01  Stalker x2  
  89  7:07  Pylon  
  93  7:09  Probe  
  93  7:10  Observer  
  93  7:11  Shield Battery, Probe  
  96  7:22  Probe (Chrono Boost)  
  97  7:23  Charge, Probe (Chrono Boost)  
  97  7:24  Forge  
  98  7:33  Probe (Chrono Boost)  
  98  7:34  Probe (Chrono Boost), Pylon  
  100  7:38  Probe (Chrono Boost)  
  100  7:39  Probe (Chrono Boost)  
  100  7:43  Gateway  
  102  7:44  Gateway  
  102  7:49  Stalker x3  
  108  7:53  Stalker  
  110  8:00  Shield Battery  
  110  8:09  Shield Battery x2, Pylon  
  110  8:13  Photon Cannon  
  110  8:14  Observer  
  110  8:17  Stalker x2  
  114  8:20  Stalker  
  114  8:22  Stalker  
  116  8:27  Photon Cannon  
  116  8:29  Observer (Chrono Boost)  
  114  8:51  Probe x3  
  117  8:55  Stalker x5  
  117  8:56  Stalker  
  128  9:03  Probe  
  128  9:05  Assimilator x2  
  129  9:13  Protoss Ground Weapons Level 1 (Chrono Boost)  
  129  9:19  Gateway  
  129  9:20  Gateway  
  129  9:22  Gateway  
  129  9:27  Observer (Chrono Boost)  
  129  9:29  Zealot x6  
  142  9:35  Photon Cannon  
  142  9:38  Pylon  
  142  9:40  Pylon  
  142  9:50  Stalker x3  
  148  9:55  Pylon  
  148  9:59  Pylon  
  148  10:03  Stalker x3  
  151  10:17  Stalker x2  
  151  10:18  Stalker x3  
  155  10:29  Stalker x4  
  149  10:45  Stalker  
  149  10:46  Stalker x4  
  157  10:55  Stalker x3  
  151  11:02  Zealot  
  145  11:09  Stalker x4  
  137  11:21  Nexus  
  133  11:36  Stalker x6  
  127  11:47  Protoss Ground Weapons Level 2 (Chrono Boost)  
  127  11:48  Photon Cannon  
  127  11:51  Shield Battery, Probe x3  
  130  12:03  Probe x3  
  133  12:13  Stalker x4  
  133  12:14  Stalker  
  133  12:15  Observer (Chrono Boost), Probe x2  
  146  12:20  Probe  
  146  12:22  Stalker  
  149  12:27  Probe x2  
  149  12:28  Stalker x2  
  155  12:32  Observer  
  155  12:36  Photon Cannon, Probe x2  
  157  12:39  Probe  
  158  12:47  Stalker x4  
  158  12:50  Observer  
  166  12:54  Pylon  
  166  12:59  Pylon  
  166  13:01  Nexus  
  166  13:07  Robotics Bay  
  166  13:13  Stalker x3  
  172  13:20  Stalker x3  
  172  13:30  Stalker x3  
  172  13:35  Dark Shrine  
  172  13:42  Stalker x3  
  172  13:46  Shield Battery  
  178  13:49  Pylon  
  176  14:02  Stalker x6  
  164  14:09  Disruptor (Chrono Boost)  
  158  14:17  Assimilator  
  158  14:19  Assimilator, Stalker x3  
  158  14:23  Gateway  
  158  14:27  Photon Cannon  
  158  14:29  Shield Battery  
  158  14:30  Shield Battery  
  158  14:35  Stalker x5  
  162  14:45  Disruptor  
  158  15:03  Stalker x2  
  158  15:04  Dark Templar  
  162  15:11  Stalker x4  
  162  15:12  Stalker x2  
  149  15:21  Probe x3  
  152  15:31  Disruptor (Chrono Boost), Stalker x3  
  160  15:44  Zealot x5, Stalker x2  
  168  15:53  Shadow Stride (Chrono Boost)  
  168  16:00  Stalker  
  168  16:01  Stalker x2  
  168  16:04  Photon Cannon  
  165  16:07  Pylon  
  165  16:09  Pylon  
  165  16:10  Stalker x5  
  175  16:15  Disruptor (Chrono Boost)  
  173  16:35  Stalker  
  173  16:36  Stalker x4  
  177  16:49  Shield Battery  
  171  16:57  Dark Templar x3  
  171  17:01  Dark Templar  
  173  17:11  Stalker x2  
  176  17:17  Observer (Chrono Boost)  
  167  17:30  Nexus  
  167  17:32  Disruptor (Chrono Boost)  
  169  17:50  Stalker x6  
  173  17:54  Probe x2  
  173  17:55  Pylon, Probe  
  174  18:07  Probe x2  
  174  18:08  Probe  
  174  18:09  Observer  
  174  18:10  Pylon  
  174  18:12  Disruptor (Chrono Boost)  
  181  18:24  Probe x2  
  181  18:25  Assimilator, Probe x2  
  183  18:43  Stalker x5  
  189  18:52  Shield Battery  
  189  18:53  Photon Cannon  
  189  18:55  Disruptor (Chrono Boost), Assimilator  
  184  19:05  Zealot x5  
  189  19:19  Observer (Chrono Boost)  
  189  19:21  Stalker x5  
  176  19:32  Zealot x4  
  176  19:33  Zealot  
  176  19:36  Probe x3  
  178  19:47  Observer (Chrono Boost)  
  178  19:50  Zealot x4  
  177  20:06  Zealot  
  177  20:07  Zealot x4  
  168  20:24  Stalker x4  
Tags
 
Add a new tag
Caveats
  • Supply blocks, unpowered buildings, or Contaminate may cause inaccurate times.
  • Supply counts are checked every 10 seconds.